 Dungeon Crawl Stone Soup version 0.23.2-33-g5129a83184 (webtiles) character file.

Game seed: 15405018171079192076

21 FishyPogo the Caller (level 2, -1/16 HPs)
             Began as a Tengu Summoner on Aug 4, 2019.
             Killed by divine providence
             ... invoked by an orc priest
              (12 damage)
             ... on level 2 of the Dungeon.
             The game lasted 00:08:07 (1185 turns).

FishyPogo the Caller (Tengu Summoner)               Turns: 1185, Time: 00:08:08

Health: -1/16      AC:  2    Str:  8    XL:     2   Next: 83%
Magic:  3/15       EV: 13    Int: 15    God:
Gold:   83         SH:  0    Dex: 14    Spells: 2/5 levels left

rFire    . . .     SeeInvis .     - Unarmed
rCold    . . .     Gourm    .   (no shield)
rNeg     . . .     Faith    .   a - +0 robe
rPois    .         Spirit   .   (helmet restricted)
rElec    .         Reflect  .   (no cloak)
rCorr    .         Harm     .   (no gloves)
MR       .....                  (boots unavailable)
Stlth    ++........             (no amulet)
HPRegen  0.05/turn              f - ring of magical power
MPRegen  0.14/turn              (no ring)

@: no status effects
A: beak, talons 3
a: no special abilities


You were on level 2 of the Dungeon.
You were very hungry.

You visited 1 branch of the dungeon, and saw 2 of its levels.

You collected 83 gold pieces.

Inventory:

Missiles
 e - 52 stones (quivered)
Armour
 a - a +0 robe (worn)
Jewellery
 f - a ring of magical power (left hand)
Scrolls
 b - 2 scrolls of identify {unknown}
 g - a scroll of enchant armour {unknown}
 h - a scroll of fear {unknown}
 i - a scroll of teleportation {unknown}
Potions
 d - 2 potions of agility {unknown}
Comestibles
 c - 4 rations


   Skills:
 * Level 1.0 Fighting
 + Level 2.4 Dodging
 - Level 2.0 Stealth
 * Level 1.2 Unarmed Combat
 * Level 2.3 Spellcasting
 - Level 4.8 Summonings


You had 2 spell levels left.
You knew the following spells:

 Your Spells              Type           Power        Failure   Level  Hunger
a - Summon Small Mammal   Summ           ###.         3%          1    #......
b - Call Imp              Summ           ###.....     4%          2    ###....

Your spell library contained the following spells:

 Spells                   Type           Power        Failure   Level  Hunger
 Call Canine Familiar     Summ           ###.....     9%          3    ###....
 Summon Guardian Golem    Hex/Summ       #.......     24%         3    ###....
 Summon Ice Beast         Ice/Summ       #.......     61%         4    #####..
 Summon Lightning Spire   Summ/Air       #.......     61%         4    #####..


Dungeon Overview and Level Annotations

Branches:
Dungeon (2/15)

Altars:


Innate Abilities, Weirdness & Mutations

You have a beak for a mouth.
You have claws for feet.


Message History

Casting: Summon Small Mammal (safe; 3% risk of failure)
Confirm with . or Enter, or press ? or * to list all spells.
Your crimson imp hits the orc priest.
Throwing (i - inventory)
e - 53 stones (quivered)
Press: ? - help, Shift-Dir - straight line, f/p - orc priest
Aim: an orc priest (moderately wounded)
You throw a stone.
The stone hits the orc priest but does no damage.
The orc priest is moderately wounded.
The orc priest misses you.
Your crimson imp hits the orc priest.
You barely miss the orc priest. Your kick misses the orc priest.
The orc priest is heavily wounded.
The orc priest casts a cantrip, but nothing happens.
Your crimson imp hits the orc priest but does no damage.
You hit the orc priest. You peck the orc priest.
The orc priest is almost dead.
The orc priest invokes the aid of Beogh against you.
Beogh smites you!
Ouch! That really hurt!
You die...

##################
#................#
#.#####..#######.###
#< #..# #..(o5r.## #.
###..###.###@...#####
#.
#........##55........
#.
#.#..#####..[...#####
#.###.#..# ##...###
#..<.....#### ##.##
#............. .o#
##..o....#######.#
#.......# #'#
#.......# ...


You could see an orc priest, an orc, 2 friendly crimson imps, a friendly white
imp and a friendly quokka.

Vanquished Creatures
  An ooze (D:2)
  A hobgoblin (D:1)
  A frilled lizard (D:1)
  2 kobolds (D:1)
5 creatures vanquished.

Vanquished Creatures (collateral kills)
  2 orcs (D:2)
  A giant cockroach (D:1)
  2 goblins
  2 hobgoblins (D:1)
  3 jackals (D:1)
  4 bats (D:1)
  A frilled lizard (D:1)
  3 kobolds
  A rat (D:1)
19 creatures vanquished.

Grand Total: 24 creatures vanquished

Notes
Turn   | Place    | Note
-------+----------+-------------------------------------------
     0 | D:1      | FishyPogo the Tengu Summoner began the quest for the Orb.
     0 | D:1      | Reached XP level 1. HP: 10/10 MP: 4/4
   303 | D:1      | Reached XP level 2. HP: 16/16 MP: 6/6
   411 | D:1      | Learned a level 2 spell: Call Imp
   459 | D:1      | Reached skill level 1 in Unarmed Combat
  1169 | D:2      | Reached skill level 1 in Fighting
  1185 | D:2      | Killed from afar by an orc priest

Skill      XL: |  1  2 |
---------------+-------+-----
Unarmed Combat | 1 |  1.2
Fighting       | 1 |  1.0
Dodging        | |  2.4
Stealth        | |  2.0
Spellcasting   | |  2.3
Summonings     | |  4.8

Action                   || total
-------------------------++-------
Melee: Unarmed           ||    26
       Kick              ||     5
       Peck              ||     5
Throw: Stone             ||    21
 Cast: Summon Small Mamm ||    20
       Call Imp          ||    15
 Stab: Sleeping          ||     2
  Eat: Chunk             ||     1
Armor: Robe              ||     8
Dodge: Dodged            ||    14
